TOP OF THE 1ST |
Calgary Flames batting - Pitching for Portland Angels : LHP Alejandro Jimenez
|
Pitching: LHP Alejandro Jimenez
|
|
Batting: RHB Elias Vences
|
0-0: Called Strike 0-1: Ball 1-1: Foul Ball, location: 2F 1-2: Ball 2-2: Ball 3-2: Ground out 4-3 (Groundball, 4, EV 82.5 MPH)
|
Batting: RHB Norinaga Yamakawakamatsu
|
0-0: Foul Ball, location: 2F 0-1: Swinging Strike 0-2: Fly out, F4 (Flyball, 4MD, EV 88.1 MPH)
|
Batting: RHB Victor Contreras
|
0-0: Called Strike 0-1: Called Strike 0-2: Ball 1-2: SINGLE (Groundball, 4MD, EV 106.2 MPH)
|
Batting: RHB Edgardo Rivera
|
0-0: Swinging Strike 0-1: Swinging Strike 0-2: Ball 1-2: Foul Ball, location: 2F 1-2: Ball 2-2: Strikes out swinging, 2-3 out at first.
|
Top of the 1st over - 0 runs, 1 hit, 0 errors, 1 left on base; Calgary 0 - Portland 0 |
BOTTOM OF THE 1ST |
Portland Angels batting - Pitching for Calgary Flames : RHP Sam Barbuto
|
Pitching: RHP Sam Barbuto
|
|
Batting: RHB Carlos Gonzales
|
0-0: Called Strike 0-1: Ground out 4-3 (Groundball, 4, EV 89.4 MPH)
|
Batting: RHB Dan Contreras
|
0-0: Ball 1-0: Swinging Strike 1-1: Ball 2-1: Called Strike 2-2: Foul Ball, location: 2F 2-2: Foul Ball, location: 2F 2-2: Ground out 6-3 (Groundball, 6, EV 82.5 MPH)
|
Batting: LHB Ramon Garduno
|
0-0: Called Strike 0-1: Fly out, F9 (Flyball, 89M, EV 87.5 MPH)
|
Bottom of the 1st over - 0 runs, 0 hits, 0 errors, 0 left on base; Calgary 0 - Portland 0 |
TOP OF THE 2ND |
Calgary Flames batting - Pitching for Portland Angels : LHP Alejandro Jimenez
|
Batting: RHB Willie Torres
|
0-0: Ball 1-0: SINGLE (Flyball, 34D, EV 93.8 MPH)
|
Batting: SHB Yu-hsui Lew
|
0-0: Ball 1-0: Foul Ball, location: 2F 1-1: Ball 2-1: Foul Ball, location: 2F 2-2: SINGLE (Line Drive, 89S, EV 97.5 MPH) Willie Torres to second
|
Batting: LHB Gary Corrales
|
0-0: Foul Ball, location: 2F 0-1: Ball Passed Ball! Willie Torres to third Yu-hsui Lew to second 1-1: SINGLE (Line Drive, 9S, EV 110.0 MPH) Willie Torres scores Yu-hsui Lew to third Runner from 3rd tries for Home, SAFE, throw by RF to home
|
Batting: RHB Rod Johnson
|
0-0: Grounds into double play, 6-4-3 (Groundball, 56, EV 81.9 MPH)
|
Batting: RHB Pablo Henriquez
|
0-0: Called Strike 0-1: Foul Ball, location: 2F 0-2: Ground out 6-3 (Groundball, 6S, EV 82.5 MPH)
|
Top of the 2nd over - 2 runs, 3 hits, 0 errors, 0 left on base; Calgary 2 - Portland 0 |
BOTTOM OF THE 2ND |
Portland Angels batting - Pitching for Calgary Flames : RHP Sam Barbuto
|
Batting: RHB Alex Rosaly
|
0-0: Ball 1-0: Ball 2-0: SINGLE (Groundball, 56D, EV 101.9 MPH)
|
Batting: SHB Yuya Hirata
|
0-0: Ball 1-0: Fielders Choice at 2nd, 2-6 (Groundball, 13S, EV 65.6 MPH)
|
Batting: LHB Kevin Feldman
|
0-0: Ball 1-0: Ball 2-0: Foul Ball, location: 2F 2-1: Fly out, F8 (Flyball, 8LM, EV 88.1 MPH)
|
Batting: RHB Mario Martinez
|
0-0: Called Strike 0-1: Ball 1-1: Foul Ball, location: 2F 1-2: Strikes out swinging
|
Bottom of the 2nd over - 0 runs, 1 hit, 0 errors, 1 left on base; Calgary 2 - Portland 0 |
TOP OF THE 3RD |
Calgary Flames batting - Pitching for Portland Angels : LHP Alejandro Jimenez
|
Batting: RHB Elias Vences
|
0-0: Called Strike 0-1: Called Strike 0-2: Ball 1-2: Ball 2-2: Ball 3-2: Base on Balls
|
Batting: RHB Norinaga Yamakawakamatsu
|
0-0: Ball 1-0: Foul Ball, location: 2F 1-1: Called Strike 1-2: Ball 2-2: Strikes out swinging
|
Batting: RHB Victor Contreras
|
Pickoff Throw to First - Error! E1 Elias Vences to second 0-0: Ground out 6-3 (Groundball, 56, EV 83.1 MPH)
|
Batting: RHB Edgardo Rivera
|
0-0: Ball Passed Ball! Elias Vences to third 1-0: Foul Ball, location: 2F 1-1: Ball 2-1: Ball 3-1: Base on Balls
|
Batting: RHB Willie Torres
|
0-0: Ball 1-0: Fielders Choice at 2nd, U6 (Groundball, 6M, EV 88.1 MPH)
|
Top of the 3rd over - 0 runs, 0 hits, 1 error, 2 left on base; Calgary 2 - Portland 0 |
BOTTOM OF THE 3RD |
Portland Angels batting - Pitching for Calgary Flames : RHP Sam Barbuto
|
Batting: LHB David Coatney
|
0-0: SOLO HOME RUN (Flyball, 9D, EV 96.2 MPH), Distance : 357 ft
|
Batting: RHB Arnaud Derosiers
|
0-0: Called Strike 0-1: SINGLE (Line Drive, 8RS, EV 90.0 MPH)
|
Batting: RHB Carlos Gonzales
|
0-0: Called Strike 0-1: Ball 1-1: Ball 2-1: Ball 3-1: Base on Balls Arnaud Derosiers to second
|
Batting: RHB Dan Contreras
|
0-0: Ball 1-0: Reached on error, E5 (Groundball, 56, EV 83.8 MPH) Arnaud Derosiers to third Carlos Gonzales to second
|
Batting: LHB Ramon Garduno
|
0-0: Fly out, F9 (Flyball, 9D, EV 101.9 MPH) Runner from 3rd tags up, SCORES, no throw by RF Carlos Gonzales to third
|
Batting: RHB Alex Rosaly
|
0-0: Ball 1-0: Called Strike 1-1: Called Strike 1-2: Ball 2-2: Ball 3-2: Fly out, F5 (Flyball, 5D, EV 90.0 MPH)
|
Batting: SHB Yuya Hirata
|
0-0: Foul Ball, location: 2F 0-1: Swinging Strike 0-2: Strikes out swinging
|
Bottom of the 3rd over - 2 runs, 2 hits, 1 error, 2 left on base; Calgary 2 - Portland 2 |
TOP OF THE 4TH |
Calgary Flames batting - Pitching for Portland Angels : LHP Alejandro Jimenez
|
Batting: SHB Yu-hsui Lew
|
0-0: Swinging Strike 0-1: Called Strike 0-2: Strikes out swinging
|
Batting: LHB Gary Corrales
|
0-0: Ball 1-0: Foul Ball, location: 2F 1-1: Ground out 4-3 (Groundball, 4, EV 98.1 MPH)
|
Batting: RHB Rod Johnson
|
0-0: Ground out 5-3 (Groundball, 15, EV 78.8 MPH)
|
Top of the 4th over - 0 runs, 0 hits, 0 errors, 0 left on base; Calgary 2 - Portland 2 |
BOTTOM OF THE 4TH |
Portland Angels batting - Pitching for Calgary Flames : RHP Sam Barbuto
|
Batting: LHB Kevin Feldman
|
0-0: Ball 1-0: Ground out 6-3 (Groundball, 6, EV 84.4 MPH)
|
Batting: RHB Mario Martinez
|
0-0: Foul Ball, location: 2F 0-1: Ball 1-1: Foul Ball, location: 2F 1-2: Ball 2-2: Strikes out swinging
|
Batting: LHB David Coatney
|
0-0: Called Strike 0-1: Fly out, F8 (Flyball, 8LM, EV 98.8 MPH)
|
Bottom of the 4th over - 0 runs, 0 hits, 0 errors, 0 left on base; Calgary 2 - Portland 2 |
TOP OF THE 5TH |
Calgary Flames batting - Pitching for Portland Angels : LHP Alejandro Jimenez
|
Batting: RHB Pablo Henriquez
|
0-0: Ball 1-0: Ball 2-0: Ball 3-0: Foul Ball, location: 2F 3-1: Reached on error, E6 (Groundball, 6, EV 103.8 MPH)
|
Batting: RHB Elias Vences
|
0-0: Ball Wild Pitch! Pablo Henriquez to second 1-0: Swinging Strike 1-1: Called Strike 1-2: Foul Ball, location: 2F 1-2: Ball 2-2: Ball 3-2: Base on Balls
|
Batting: RHB Norinaga Yamakawakamatsu
|
0-0: Ball 1-0: Fly out, F9 (Flyball, 89M, EV 91.2 MPH)
|
Batting: RHB Victor Contreras
|
0-0: Ball 1-0: Ball 2-0: Ball 3-0: Base on Balls Pablo Henriquez to third Elias Vences to second
|
Pitching: LHP Berry Caron
|
|
Batting: RHB Edgardo Rivera
|
0-0: Called Strike 0-1: Ball 1-1: Foul Ball, location: 2F 1-2: DOUBLE (Line Drive, 78D, EV 114.4 MPH) Pablo Henriquez scores Elias Vences scores Victor Contreras to third Runner from 3rd tries for Home, SAFE, no throw by CF
|
Batting: RHB Willie Torres
|
0-0: Called Strike 0-1: Ball 1-1: Ball 2-1: Ground out 5-3 (Groundball, 56, EV 107.5 MPH)
|
Batting: SHB Yu-hsui Lew
|
0-0: Called Strike 0-1: Ground out 3-1 (Groundball, 34S, EV 84.4 MPH)
|
Top of the 5th over - 3 runs, 1 hit, 1 error, 1 left on base; Calgary 5 - Portland 2 |
BOTTOM OF THE 5TH |
Portland Angels batting - Pitching for Calgary Flames : RHP Sam Barbuto
|
Batting: RHB Arnaud Derosiers
|
0-0: Fly out, F4 (Popup, 23, EV 84.4 MPH)
|
Batting: RHB Carlos Gonzales
|
0-0: Ball 1-0: Foul Ball, location: 2F 1-1: Fly out, F7 (Flyball, 78M, EV 75.6 MPH)
|
Batting: RHB Dan Contreras
|
0-0: Ball 1-0: Called Strike 1-1: SINGLE (Groundball, 34D, EV 111.9 MPH)
|
Batting: LHB Ramon Garduno
|
0-0: Called Strike 0-1: Called Strike Dan Contreras steals 2nd base 0-2: Foul Ball, location: 2F 0-2: Ball 1-2: Foul Ball, location: 2F 1-2: Ball 2-2: Ball 3-2: Foul Ball, location: 2F 3-2: Ground out 4-3 (Groundball, 34, EV 96.9 MPH)
|
Bottom of the 5th over - 0 runs, 1 hit, 0 errors, 1 left on base; Calgary 5 - Portland 2 |
TOP OF THE 6TH |
Calgary Flames batting - Pitching for Portland Angels : LHP Berry Caron
|
Batting: LHB Gary Corrales
|
0-0: Ball 1-0: Reached on error, E6 (Groundball, 6, EV 82.5 MPH)
|
Batting: RHB Rod Johnson
|
0-0: Foul Ball, location: 2F 0-1: Called Strike 0-2: Foul Ball, location: 2F 0-2: Ball 1-2: Strikes out swinging
|
Batting: RHB Pablo Henriquez
|
0-0: Foul Ball, location: 2F 0-1: Called Strike 0-2: Ball 1-2: Strikes out swinging
|
Batting: RHB Elias Vences
|
0-0: Foul Ball, location: 2F 0-1: Foul Ball, location: 2F 0-2: Ball 1-2: Ball 2-2: Ball Passed Ball! Gary Corrales to second 3-2: SINGLE (Groundball, 56D, EV 94.4 MPH) Gary Corrales to third
|
Batting: RHB Norinaga Yamakawakamatsu
|
0-0: Ball 1-0: Ball 2-0: Ball 3-0: Called Strike 3-1: Base on Balls Elias Vences to second
|
Batting: RHB Victor Contreras
|
0-0: Ball 1-0: Swinging Strike 1-1: SINGLE (Flyball, 9LS, EV 91.2 MPH) Gary Corrales scores Elias Vences to third Norinaga Yamakawakamatsu to second
|
Batting: RHB Edgardo Rivera
|
0-0: Called Strike 0-1: Ground out 4-3 (Groundball, 34, EV 106.9 MPH)
|
Top of the 6th over - 1 run, 2 hits, 1 error, 3 left on base; Calgary 6 - Portland 2 |
BOTTOM OF THE 6TH |
Portland Angels batting - Pitching for Calgary Flames : RHP Sam Barbuto
|
Batting: RHB Alex Rosaly
|
0-0: Called Strike 0-1: Swinging Strike 0-2: Foul Ball, location: 2F 0-2: Ball 1-2: Ball 2-2: Ball 3-2: Strikes out swinging
|
Batting: SHB Yuya Hirata
|
0-0: Ball 1-0: Foul Ball, location: 2F 1-1: Foul Ball, location: 2F 1-2: Strikes out looking
|
Batting: LHB Kevin Feldman
|
0-0: Swinging Strike 0-1: Ground out 1-3 (Groundball, 34S, EV 71.9 MPH)
|
Bottom of the 6th over - 0 runs, 0 hits, 0 errors, 0 left on base; Calgary 6 - Portland 2 |
TOP OF THE 7TH |
Calgary Flames batting - Pitching for Portland Angels : LHP Berry Caron
|
Batting: RHB Willie Torres
|
0-0: Ball 1-0: Ball 2-0: Called Strike 2-1: Foul Ball, location: 2F 2-2: Foul Ball, location: 2F 2-2: Strikes out swinging
|
Batting: SHB Yu-hsui Lew
|
0-0: Ball 1-0: Called Strike 1-1: Ball 2-1: Foul Ball, location: 2F 2-2: Foul Ball, location: 2F 2-2: Ball 3-2: Ground out 4-3 (Groundball, 4, EV 98.8 MPH)
|
Batting: LHB Gary Corrales
|
0-0: Swinging Strike 0-1: Swinging Strike 0-2: Ball 1-2: Foul Ball, location: 2F 1-2: Foul Ball, location: 2F 1-2: SINGLE (Line Drive, 7LM, EV 103.1 MPH)
|
Pitching: LHP Willie Valenzuela
|
|
Batting: RHB Rod Johnson
|
0-0: Fielders Choice at 2nd, 6-4 (Groundball, 6, EV 108.8 MPH)
|
Top of the 7th over - 0 runs, 1 hit, 0 errors, 1 left on base; Calgary 6 - Portland 2 |
BOTTOM OF THE 7TH |
Portland Angels batting - Pitching for Calgary Flames : RHP Sam Barbuto
|
Batting: RHB Mario Martinez
|
0-0: Foul Ball, location: 2F 0-1: Foul Ball, location: 2F 0-2: Foul Ball, location: 2F 0-2: Ball 1-2: Strikes out looking
|
Batting: LHB David Coatney
|
0-0: Ground out 4-3 (Groundball, 4M, EV 84.4 MPH)
|
Batting: RHB Arnaud Derosiers
|
0-0: Ball 1-0: Foul Ball, location: 2F 1-1: Called Strike 1-2: Strikes out looking
|
Bottom of the 7th over - 0 runs, 0 hits, 0 errors, 0 left on base; Calgary 6 - Portland 2 |
TOP OF THE 8TH |
Calgary Flames batting - Pitching for Portland Angels : LHP Willie Valenzuela
|
Batting: RHB Pablo Henriquez
|
0-0: Ball 1-0: Foul Ball, location: 2F 1-1: Foul Ball, location: 2F 1-2: Foul Ball, location: 2F 1-2: Strikes out swinging
|
Batting: RHB Elias Vences
|
0-0: Ground out 6-3 (Groundball, 6S, EV 66.2 MPH)
|
Batting: RHB Norinaga Yamakawakamatsu
|
0-0: Fly out, F4 (Line Drive, 4, EV 68.1 MPH)
|
Top of the 8th over - 0 runs, 0 hits, 0 errors, 0 left on base; Calgary 6 - Portland 2 |
BOTTOM OF THE 8TH |
Portland Angels batting - Pitching for Calgary Flames : RHP Sam Barbuto
|
Batting: RHB Carlos Gonzales
|
0-0: Ball 1-0: Foul Ball, location: 2F 1-1: Swinging Strike 1-2: Ball 2-2: Foul Ball, location: 2F 2-2: Ball 3-2: Foul Ball, location: 2F 3-2: Base on Balls
|
Pitching: RHP Brice MacKenzie
|
|
Batting: RHB Dan Contreras
|
0-0: Ball Balk! Carlos Gonzales to second 1-0: Fly out, F4 (Popup, 4MD, EV 53.1 MPH)
|
Batting: LHB Ramon Garduno
|
0-0: Swinging Strike 0-1: Ball 1-1: Ball 2-1: Ball 3-1: Foul Ball, location: 2F 3-2: Foul Ball, location: 2F 3-2: Fly out, F9 (Flyball, 9D, EV 95.6 MPH) Runner from 2nd tags up, SAFE at 3rd, no throw by RF
|
Batting: RHB Alex Rosaly
|
0-0: Called Strike 0-1: Ball 1-1: Fly out, F9 (Line Drive, 89S, EV 94.4 MPH)
|
Bottom of the 8th over - 0 runs, 0 hits, 0 errors, 1 left on base; Calgary 6 - Portland 2 |
TOP OF THE 9TH |
Calgary Flames batting - Pitching for Portland Angels : LHP Willie Valenzuela
|
Batting: RHB Victor Contreras
|
0-0: Ball 1-0: Called Strike 1-1: Swinging Strike 1-2: Ball 2-2: Ground out U3 (Groundball, 34S, EV 88.1 MPH)
|
Batting: RHB Edgardo Rivera
|
0-0: Ball 1-0: Ball 2-0: Ball 3-0: Base on Balls
|
Batting: RHB Willie Torres
|
0-0: Called Strike 0-1: Ball 1-1: Called Strike 1-2: Reached on error, E4 (Groundball, 4S, EV 84.4 MPH) Edgardo Rivera to second
|
Batting: SHB Yu-hsui Lew
|
0-0: Called Strike 0-1: Ball 1-1: Fielders Choice at 2nd, 6-4 (Groundball, 6, EV 85.0 MPH) Edgardo Rivera to third
|
Batting: LHB Gary Corrales
|
0-0: Called Strike 0-1: Ball 1-1: Swinging Strike 1-2: Ball 2-2: Strikes out looking
|
Top of the 9th over - 0 runs, 0 hits, 1 error, 2 left on base; Calgary 6 - Portland 2 |
BOTTOM OF THE 9TH |
Portland Angels batting - Pitching for Calgary Flames : RHP Brice MacKenzie
|
Batting: SHB Yuya Hirata
|
0-0: Ball 1-0: Ball 2-0: Ground out 6-3 (Groundball, 6, EV 82.5 MPH)
|
Batting: LHB Kevin Feldman
|
0-0: Ball 1-0: Foul Ball, location: 2F 1-1: Ground out 4-3 (Groundball, 4, EV 91.2 MPH)
|
Pinch Hitting: RHB Fernando Sosa
|
0-0: Called Strike 0-1: Called Strike 0-2: Ground out 4-3 (Groundball, 4MD, EV 86.9 MPH)
|
Bottom of the 9th over - 0 runs, 0 hits, 0 errors, 0 left on base; Calgary 6 - Portland 2 |
|